 Dungeon Crawl Stone Soup version 0.25.1-2-g60ff931df9 (webtiles) character file.

Game seed: 922214962092326419

159 Acheron the Gusty (level 5, -28/28 HPs)
             Began as a Tengu Air Elementalist on Sept 3, 2020.
             Killed from afar by a river rat (42 damage)
             ... with an exploding inner flame
             ... hexed by the player character
             ... on level 3 of the Dungeon.
             The game lasted 00:16:34 (2987 turns).

Acheron the Gusty (Tengu Air Elementalist)          Turns: 2987, Time: 00:16:35

Health: -28/28     AC:  2    Str:  9    XL:     5   Next: 40%
Magic:  8/10       EV: 13    Int: 16    God:
Gold:   76         SH:  0    Dex: 14    Spells: 4/10 levels left

rFire    . . .     SeeInvis .   g - +0 hand axe (elec)
rCold    . . .     Gourm    .   (no shield)
rNeg     . . .     Faith    .   a - +0 robe
rPois    .         Spirit   .   (helmet restricted)
rElec    .         Reflect  .   (no cloak)
rCorr    .         Harm     .   (no gloves)
MR       .....                  (boots unavailable)
Stlth    ++........             (no amulet)
HPRegen  0.09/turn              (no ring)
MPRegen  0.12/turn              (no ring)

@: lethally poisoned (-28 -> -33), very slightly contaminated
A: beak, talons 3, able to fly
a: Fly


You were on level 3 of the Dungeon.
You were not hungry.

You visited 1 branch of the dungeon, and saw 3 of its levels.

You collected 76 gold pieces.

Inventory:

Hand Weapons
 e - a +2 whip of venom
 g - a +0 hand axe of electrocution (weapon)
 m - a +0 short sword
Missiles
 d - 81 stones
 f - 6 datura-tipped darts
 k - 14 sling bullets
 o - 12 poisoned darts (quivered)
Armour
 a - a +0 robe (worn)
Jewellery
 l - an uncursed amulet of magic regeneration
Wands
 u - a wand of paralysis (3)
Scrolls
 b - a scroll of identify
 j - 2 scrolls of remove curse
 p - 2 scrolls of magic mapping
Potions
 h - 3 potions of stabbing
 r - 2 potions of ambrosia {unknown}
Comestibles
 c - a ration
 n - a chunk of flesh


   Skills:
 * Level 0.7 Fighting
 * Level 1.2 Axes
 * Level 1.6 Throwing
 * Level 2.7 Dodging
 * Level 2.3 Stealth
 * Level 3.0 Spellcasting
 * Level 2.9 Conjurations
 * Level 4.7 Air Magic
 * Level 0.1 Evocations


You had 4 spell levels left.
You knew the following spells:

 Your Spells              Type           Power        Failure   Level  Hunger
a - Shock                 Conj/Air       ##..         3%          1    #......
b - Swiftness             Chrm/Air       #.......     11%         2    ##.....
c - Static Discharge      Conj/Air       ##......     12%         3    ###....

Your spell library contained the following spells:

 Spells                   Type           Power        Failure   Level  Hunger
 Airstrike                Air            ###.......   26%         4    #####..
 Lightning Bolt           Conj/Air       ##........   71%         5    ######.


Dungeon Overview and Level Annotations

Branches:
Dungeon (3/15)

Altars:
Hepliaklqana
Ru
Wu Jian


Innate Abilities, Weirdness & Mutations

You have a beak for a mouth.
You have claws for feet.
You can fly continuously.


Message History

Press: ? - help, Shift-Dir - straight line, f - adder
Aim: an adder (almost dead)
The zap hits the adder.
You kill the adder!
Your Spellcasting skill increases to level 3!
You feel sick.
Casting: Shock (safe; 4% risk of failure)
Confirm with . or Enter, or press ? or * to list all spells.
Aiming: Shock (safe; 4% risk of failure)
Press: ? - help, Shift-Dir - straight line, f - river rat
Aim: a river rat (moderately wounded, inner flame)
The zap hits the river rat.
Flame seeps out of the river rat.
The river rat is severely wounded.
The river rat is engulfed in blazing flames.
The river rat explodes!
The fiery explosion engulfs the river rat!!
You kill the river rat!
The fiery explosion engulfs you!!!
Ouch! That really hurt!
You die...

*************
,,,,,,,,,,,,*
***,,,,,,**,* *,****,**,*
*,* *,**,* *,* *,**,*
*#### *,* *,**,* ####...#
###.# **#########≈≈....#
....# #≈≈r≈§○@#≈≈≈...#
##### ##≈#######≈#....#
#≈≈≈rr≈r≈#≈≈≈...# #
########≈#≈#≈...#
#########≈**≈≈≈≈≈#≈≈≈≈..#
.......<#≈≈≈≈*≈#r#w#†(..#
###.###.#*****≈#≈#≈#≈...#
* #.# #.#≈≈≈≈≈≈#≈§≈#....#
#.# #.###*########.w..#


You could see a rat.

Vanquished Creatures
  A crimson imp (D:3)
  Ijyb (D:2)
  A river rat (D:3)
  3 adders
  An ooze (D:2)
  A dart slug (D:1)
  2 leopard geckos
  2 orcs (D:3)
  8 bats
  A giant cockroach (D:2)
  6 goblins
  8 hobgoblins
  5 kobolds
  A ball python (D:1)
  2 frilled lizards (D:2)
  10 rats
53 creatures vanquished.

Notes
Turn   | Place    | Note
-------+----------+-------------------------------------------
     0 | D:1      | Acheron the Tengu Air Elementalist began the quest for the
                  | Orb.
     0 | D:1      | Reached XP level 1. HP: 10/10 MP: 4/4
   236 | D:1      | Reached XP level 2. HP: 15/15 MP: 4/6
   240 | D:1      | Learned a level 2 spell: Swiftness
   881 | D:2      | Reached skill level 1 in Throwing
  1060 | D:2      | Reached XP level 3. HP: 19/19 MP: 3/7
  1228 | D:2      | Learned a level 3 spell: Static Discharge
  1566 | D:2      | Found an ornate altar of the Wu Jian Council.
  1893 | D:2      | Found a hazy altar of Hepliaklqana.
  2129 | D:3      | Noticed Ijyb
  2174 | D:3      | Found a sacrificial altar of Ru.
  2220 | D:3      | Reached XP level 4. HP: 22/24 MP: 1/8
  2282 | D:3      | Paralysed by Ijyb for 5 turns
  2294 | D:2      | Paralysed by Ijyb for 5 turns
  2302 | D:2      | Killed Ijyb
  2536 | D:3      | Reached skill level 1 in Axes
  2536 | D:3      | Gained mutation: You can fly continuously. [Tengu growth]
  2536 | D:3      | Reached XP level 5. HP: 7/28 MP: 6/10
  2987 | D:3      | Killed from afar by a river rat

Illustrated notes

Levels and vault maps discovered:
D:1:      minmay_arrival_jagged, layout_rooms
D:2:      layout_loops_cross, gammafunk_temple_overflow_pools,
          old_standard_altar, lemuel_crystal_altar
D:3:      layout_loops_ring, overflow_temple_1_default,
          okawaru_altar_gauntlet_db, lightli_sewer_entry_pipes, uniq_ijyb

Skill      XL: |  1  2  3  4  5 |
---------------+----------------+-----
Throwing       | 1 |  1.6
Conjurations   | 2 |  2.9
Axes           | 1 |  1.2
Spellcasting   | 3 |  3.0
Fighting       | |  0.7
Dodging        | |  2.7
Stealth        | |  2.3
Air Magic      | |  4.7
Evocations     | |  0.1

Action                   |  1- 3 |  4- 6 || total
-------------------------+-------+-------++-------
Melee: Hand axe          |    32 |    43 ||    75
       Kick              |     4 |     9 ||    13
       Peck              |     2 |     6 ||     8
       Club              |     1 |       ||     1
Throw: Dart              |       |     3 ||     3
 Cast: Shock             |    55 |    35 ||    90
  Use: Scroll            |     6 |     3 ||     9
       Potion            |       |     1 ||     1
 Stab: Sleeping          |     4 |       ||     4
  Eat: Ration            |     1 |     1 ||     2
       Chunk             |     1 |     1 ||     2
Armor: Robe              |    11 |    12 ||    23
Dodge: Dodged            |    37 |    38 ||    75
